AoeStats
← bullseyes

Black Forest

505873708Analyzed
4v4 RM · 22d ago on Sep 11, 2026· 60m 49s· 8 players
Game mode
Random Map
Map size
Large (8 player)
Population
200
Speed
Normal
Resources
Standard
Victory
Conquest
Starting age
Dark Age
Ending age
Imperial Age
RankedLock teamsTeams togetherTeam positionsShared explorationLock speedFull tech treeHidden civsTurbo modeCheats
Victory
Defeat
🇹🇼 Dravidians · Taiwan
1601
+13
🇹🇼 Teutons · Taiwan
1574
+15
🇹🇼 Bengalis · Taiwan
1543
+16
🇨🇳 Bohemians · China
1495
+18
🇹🇷 Romans · Türkiye
1633
-19
🇧🇪 Britons · Belgium
1581
-17
🇺🇸 Lithuanians · United States
1580
-17
🇹🇷 Ethiopians · Türkiye
1372
-9
不疾不徐
0:39 Loom
15:01 Feudal Age
20:33 Castle Age
22:30 Stone Mining
22:30 Gold Mining
22:27 Double-Bit Axe
22:23 Horse Collar
24:24 Bow Saw
28:26 Town Watch
29:52 Wheelbarrow
32:32 Fortified Wall
35:13 Imperial Age
34:42 Fletching
34:53 Padded Archer Armor
35:22 Ballistics
35:41 Elite Elephant Archer
37:30 Chemistry
38:12 Bodkin Arrow
38:32 Leather Archer Armor
38:58 Bracer
39:12 Thumb Ring
40:19 Ring Archer Armor
41:27 Conscription
46:23 Scale Barding Armor
46:28 Forging
47:21 Husbandry
46:42 Light Cavalry
47:58 Caravan
52:38 Chain Barding Armor
52:54 Iron Casting
55:25 Conscription
55:41 Elite Skirmisher
戒賭胖
11:13 Feudal Age
12:13 Double-Bit Axe
15:05 Castle Age
12:49 Horse Collar
16:01 Bow Saw
16:07 Heavy Plow
19:48 Loom
22:41 Sanctity
28:15 Wheelbarrow
30:17 Imperial Age
28:24 Wheelbarrow
27:38 Town Watch
29:26 Gold Mining
29:48 Scale Barding Armor
30:39 Forging
30:52 Chain Barding Armor
31:05 Bloodlines
30:50 Cavalier
32:25 Onager
34:51 Plate Barding Armor
36:23 Iron Casting
38:18 Blast Furnace
37:09 Fletching
37:33 Paladin
39:54 Sappers
40:44 Conscription
40:46 Bodkin Arrow
43:00 Caravan
44:12 Capped Ram
48:49 Squires
48:10 Pikeman
50:02 Hand Cart
52:55 Halberdier
53:38 Scale Mail Armor
56:16 Chain Mail Armor
59:05 Plate Mail Armor
60:36 Siege Onager
姬七兮
5:46 Loom
12:56 Feudal Age
13:57 Horse Collar
14:06 Double-Bit Axe
17:02 Castle Age
19:07 Wheelbarrow
18:52 Bow Saw
22:40 Scale Mail Armor
23:24 Pikeman
29:20 Imperial Age
27:54 Chain Mail Armor
27:49 Forging
28:36 Squires
30:32 Chemistry
29:24 Halberdier
30:44 Plate Mail Armor
30:49 Iron Casting
31:27 Two-Man Saw
30:33 Heavy Plow
30:21 Town Watch
32:49 Siege Engineers
32:59 Houfnice
35:26 Hand Cart
39:01 Coinage
38:49 Arson
40:43 Bombard Tower
41:33 Fletching
42:44 Blast Furnace
43:07 Bodkin Arrow
44:24 Conscription
44:11 Wagenburg Tactics
51:14 Bracer
56:02 Caravan
58:33 Guilds
yclin124
1:08 Loom
15:31 Feudal Age
19:37 Castle Age
17:49 Double-Bit Axe
19:37 Horse Collar
26:58 Bow Saw
26:49 Heavy Plow
26:42 Gold Mining
27:37 Heavy Plow
31:43 Wheelbarrow
37:45 Imperial Age
36:44 Hand Cart
36:14 Town Watch
37:09 Gold Shaft Mining
37:27 Fletching
37:49 Padded Archer Armor
38:17 Ballistics
38:13 Bodkin Arrow
39:48 Chemistry
39:17 Paiks
39:33 Conscription
39:18 Elite Elephant Archer
40:00 Bracer
42:30 Leather Archer Armor
43:44 Stone Mining
46:04 Ring Archer Armor
46:33 Caravan
48:30 Bloodlines
48:21 Husbandry
48:53 Light Cavalry
49:40 Scale Barding Armor
52:35 Mahayana
52:45 Chain Barding Armor
54:52 Plate Barding Armor
54:28 Forging
Ainz_Own_Goal
4:39 Loom
11:16 Feudal Age
13:04 Double-Bit Axe
13:00 Horse Collar
15:31 Castle Age
14:21 Bloodlines
14:17 Scale Barding Armor
16:40 Bow Saw
24:50 Horse Collar
26:32 Heavy Plow
27:10 Wheelbarrow
30:32 Hand Cart
33:22 Imperial Age
33:25 Caravan
33:41 Heavy Scorpion
34:40 Ballistas
35:44 Fletching
37:28 Ballistics
37:10 Bodkin Arrow
38:43 Stone Mining
38:43 Gold Mining
38:40 Town Watch
39:24 Conscription
40:53 Chemistry
40:00 Siege Engineers
39:34 Capped Ram
40:35 Siege Ram
43:10 Pikeman
43:51 Squires
43:52 Scale Mail Armor
43:48 Halberdier
44:40 Forging
45:19 Chain Mail Armor
47:11 Siege Ram
48:31 Iron Casting
51:20 Man-at-Arms
55:14 Blast Furnace
54:03 Long Swordsman
55:47 Comitatenses
57:13 Crop Rotation
57:28 Legionary
PolishedPoo
0:52 Loom
12:56 Feudal Age
16:47 Castle Age
20:22 Double-Bit Axe
20:23 Horse Collar
24:53 Bow Saw
28:34 Wheelbarrow
31:48 Imperial Age
30:05 Hand Cart
30:37 Scale Mail Armor
30:47 Forging
30:39 Fletching
31:05 Padded Archer Armor
31:27 Ballistics
32:37 Crossbowman
33:14 Bodkin Arrow
34:23 Chemistry
32:52 Onager
33:58 Conscription
36:22 Two-Man Saw
35:15 Gold Mining
35:15 Stone Mining
34:47 Arbalester
35:33 Thumb Ring
35:45 Leather Archer Armor
36:54 Bracer
37:24 Ring Archer Armor
37:52 Scale Mail Armor
38:03 Forging
39:46 Torsion Engines
40:22 Siege Engineers
47:15 Halberdier
58:47 Chain Mail Armor
59:07 Iron Casting
boo
9:16 Feudal Age
13:59 Castle Age
12:42 Double-Bit Axe
16:11 Bow Saw
16:05 Horse Collar
19:53 Wheelbarrow
21:18 Heavy Plow
23:09 Hand Cart
23:30 Stone Mining
23:47 Loom
23:50 Town Watch
25:41 Stone Shaft Mining
26:20 Gold Mining
30:31 Imperial Age
28:45 Forging
29:21 Scale Barding Armor
29:18 Husbandry
29:29 Bloodlines
30:27 Iron Casting
30:51 Elite Leitis
31:51 Conscription
32:13 Crop Rotation
32:22 Chain Barding Armor
33:15 Two-Man Saw
34:23 Plate Barding Armor
36:44 Fletching
36:55 Padded Archer Armor
36:42 Onager
37:27 Bodkin Arrow
37:47 Elite Skirmisher
38:29 Bracer
38:44 Leather Archer Armor
38:36 Treadmill Crane
39:16 Ballistics
39:32 Thumb Ring
40:31 Chemistry
39:32 Tower Shields
43:08 Ring Archer Armor
42:51 Masonry
44:39 Caravan
58:06 Architecture
57:16 Pikeman
58:12 Squires
58:13 Scale Mail Armor
bullseyes
0:53 Loom
17:34 Feudal Age
22:58 Castle Age
21:19 Stone Mining
22:23 Double-Bit Axe
22:20 Horse Collar
32:57 Wheelbarrow
33:32 Heavy Plow
33:48 Gold Mining
37:50 Imperial Age
35:25 Fletching
36:38 Bodkin Arrow
36:43 Padded Archer Armor
37:20 Ballistics
37:11 Masonry
37:21 Crossbowman
38:57 Conscription
37:59 Arbalester
39:55 Chemistry
39:19 Bracer
39:19 Padded Archer Armor
39:48 Bow Saw
39:24 Town Watch
40:55 Padded Archer Armor
43:20 Gold Shaft Mining
43:36 Caravan
46:04 Leather Archer Armor
51:56 Hand Cart
52:12 Ring Archer Armor
Connection lost

Rejoining the realm…

Still unreachable

The connection could not be restored.

Session expired

The server has moved on; the page needs a fresh start.